AoeStats
← O grande

Arabia

507338866Analyzed
1v1 RM · 13d ago on Sep 17, 2026· 22m 8s· 2 players
Game mode
Random Map
Map size
Tiny (2 player)
Population
200
Speed
Normal
Resources
Standard
Victory
Conquest
Starting age
Dark Age
Ending age
Imperial Age
RankedLock teamsTeams togetherTeam positionsShared explorationLock speedFull tech treeHidden civsTurbo modeCheats
Victory
Defeat
🇧🇷 Persians · Brazil
1985
+13
🇫🇷 Persians · France
1923
-13
Beauvéro
10:53 Loom
13:25 Feudal Age
17:18 Castle Age
15:12 Double-Bit Axe
18:18 Bow Saw
17:50 Horse Collar
19:19 Wheelbarrow
20:06 Town Watch
O grande
5:26 Loom
8:35 Feudal Age
9:22 Double-Bit Axe
11:21 Horse Collar
19:26 Castle Age
17:59 Fletching
19:29 Gold Mining
20:19 Bodkin Arrow
20:36 Bow Saw
21:04 Heavy Plow
Connection lost

Rejoining the realm…

Still unreachable

The connection could not be restored.

Session expired

The server has moved on; the page needs a fresh start.